Map: Ley Lines

Players

花果山的大手子

  • Race: Protoss Protoss

参将 - Winner!

  • Race: Zerg Zerg
  • League: Gold

VOD

Have the link to the VOD?

Description

Time

  • Played on: Nov. 12, 2025, 5:08 a.m.
  • Length: 4:40
Show
View Real Time Build Order
Export as new Build Order

花果山的大手子 Protoss 

Build Orders: 1 Gate Expand 

Get SALT Encoding   

  12  0:00  Probe  
  13  0:14  Pylon  
  13  0:18  Probe  
  14  0:29  Probe  
  15  0:36  Gateway  
  15  0:37  Probe  
  16  0:45  Probe  
  16  0:46  Assimilator  
  17  0:56  Probe  
  18  1:09  Probe  
  19  1:23  Nexus  
  19  1:36  Cybernetics Core  
  19  1:40  Probe  
  19  1:44  Assimilator  
  20  1:47  Pylon  
  20  1:59  Probe  
  21  2:06  Adept  
  21  2:11  Probe  
  21  2:13  Twilight Council  
  24  2:23  Warp Gate, Probe  
  23  2:46  Robotics Facility  
  23  2:53  Probe  
  23  2:54  Probe  
  25  3:02  Probe  
  25  3:04  Pylon  
  25  3:06  Probe  
  27  3:15  Stalker  
  27  3:33  Pylon  
  26  3:36  Probe x2  
  26  3:48  Probe  
  27  3:51  Adept  
  24  3:59  Probe  
  8  4:11  Probe  
  8  4:16  Probe  
  6  4:20  Probe  
Show
View Real Time Build Order
Export as new Build Order

参将 Zerg - Winner!

Build Orders: Pool First 

Get SALT Encoding   

  12  0:02  Drone  
  13  0:08  Drone  
  14  0:22  Overlord  
  14  0:39  Drone, Spawning Pool  
  14  0:40  Drone  
  15  0:48  Drone  
  16  0:57  Drone, Extractor  
  17  1:01  Drone  
  17  1:28  Zergling x4  
  17  1:31  Hatchery  
  18  1:38  Queen  
  20  1:48  Drone  
  20  1:50  Drone  
  22  2:00  Overlord  
  22  2:07  Metabolic Boost  
  22  2:25  Zergling x4  
  24  2:34  Zergling x2  
  24  2:44  Zergling x4  
  24  2:47  Queen  
  24  2:50  Zergling x6  
  30  2:53  Lair  
  30  2:57  Zergling x2  
  31  3:08  Drone  
  31  3:09  Drone  
  33  3:14  Roach Warren  
  31  3:32  Zergling x2  
  31  3:33  Zergling x8  
  35  3:53  Zergling x2  
  35  3:55  Overlord x2  
  36  4:02  Overlord  
  33  4:04  Overlord  
Tags
 
Add a new tag
Caveats
  • Supply blocks, unpowered buildings, or Contaminate may cause inaccurate times.
  • Supply counts are checked every 10 seconds.